 Dungeon Crawl Stone Soup version 0.20.1-1-g8b1a95d (webtiles) character file.

8722 Linguinho the Geomancer (level 11, -17/83 HPs)
             Began as a Green Draconian Earth Elementalist on Oct 31, 2017.
             Was a Follower of Ashenzari.
             Demolished by an orc knight
             ... wielding a +0 battleaxe
              (34 damage)
             ... on level 1 of the Orcish Mines.
             The game lasted 00:51:38 (9187 turns).

Linguinho the Geomancer (DrEE)                      Turns: 9187, Time: 00:51:38

Health: -17/83     AC:  8    Str: 15    XL:     11   Next: 13%
Magic:  5/25       EV: 12    Int: 19    God:    Ashenzari [*.....]
Gold:   482        SH:  4    Dex: 12    Spells: 12/30 levels left

rFire    + . .     SeeInvis .   i - +3 mace (protect) (curse)
rCold    x . .     Gourm    .   x - +0 buckler (curse)
rNeg     . . .     Faith    .   (armour unavailable)
rPois    +         Spirit   .   (helmet restricted)
rElec    .         Reflect  .   f - +0 cloak (curse)
rCorr    .         Harm     .   (no gloves)
MR       .....                  (no boots)
Stlth    ++........             (no amulet)
Regen    0.3/turn               D - ring of fire (curse)
MPRegen  0.2/turn               H - ring of wizardry (curse)

@: mighty, short of breath, very slightly contaminated
A: breathe noxious fumes, unfitting armour, poison resistance, cold-blooded, AC
+7
a: Breathe Noxious Fumes, Curse Item, Scrying, Renounce Religion


You were on level 1 of the Orcish Mines.
You worshipped Ashenzari.
Ashenzari was aware of your devotion.
You were not hungry.

You visited 3 branches of the dungeon, and saw 11 of its levels.

You collected 572 gold pieces.
You spent 90 gold pieces at shops.

Inventory:

Hand Weapons
 i - a cursed +3 mace of protection (weapon)
 y - a +4 flail
Missiles
 b - 71 stones
 N - 2 exploding tomahawks (quivered)
 Q - a tomahawk
Armour
 f - a cursed +0 cloak (worn)
 x - a cursed +0 buckler (worn)
Magical Staves
 K - an uncursed staff of energy
Jewellery
 D - a cursed ring of fire (left hand)
 H - a cursed ring of wizardry (right hand)
 L - the ring of Koeviakk {rF+ EV+3}
   (You found it on level 8 of the Dungeon)

   [ring of evasion]

   It affects your evasion (+3).
   It protects you from fire.
Wands
 p - a wand of confusion (21/48)
 I - a wand of polymorph (11/24)
Scrolls
 a - a scroll of magic mapping {unknown}
 e - a scroll of teleportation
 h - a scroll of recharging {unknown}
 j - a scroll of random uselessness {unknown}
 k - a scroll of enchant armour {unknown}
 n - 2 scrolls of blinking {unknown}
 r - 4 scrolls of remove curse
 u - a scroll of immolation {unknown}
 C - a scroll of fear {unknown}
 E - a scroll of fog {unknown}
 O - a scroll of enchant weapon {unknown}
Potions
 g - 4 potions of degeneration
 m - 4 potions of flight {unknown}
 o - 3 potions of magic {unknown}
 q - 6 potions of curing
 w - 2 potions of mutation {unknown}
 z - 3 potions of haste
 A - 2 potions of lignification {unknown}
 B - a potion of berserk rage {unknown}
 G - a potion of brilliance {unknown}
 J - 2 potions of ambrosia {unknown}
Books
 d - a book of Geomancy

   Spells                             Type                      Level
   a - Sandblast                      Earth                        1
   b - Passwall                       Transmutation/Earth          2
   c - Stone Arrow                    Conjuration/Earth            3
   d - Petrify                        Transmutation/Earth          4
   e - Lee's Rapid Deconstruction     Earth                        5
 P - a Young Poisoner's Handbook

   Spells                             Type                      Level
   a - Sting                          Conjuration/Poison           1
   b - Poisonous Vapours              Poison/Air                   2
   c - Mephitic Cloud                 Conjuration/Poison/Air       3
   d - Olgreb's Toxic Radiance        Poison                       4
   e - Venom Bolt                     Conjuration/Poison           5
Comestibles
 c - 6 bread rations
 l - 2 fruits
 t - 3 royal jellies
 F - 3 meat rations


   Skills:
 + Level 3.9 Fighting
 + Level 7.1 Maces & Flails
 - Level 1.8 Dodging
 - Level 1.7 Stealth
 + Level 1.7 Shields
 * Level 10.2 Spellcasting
 + Level 1.7 Conjurations
 + Level 1.3 Transmutations
 * Level 10.6 Earth Magic
 * Level 1.7 Poison Magic


You had 12 spell levels left.
You knew the following spells:

 Your Spells              Type           Power        Failure   Level  Hunger
a - Sandblast             Erth           ######       1%          1    None
b - Passwall              Tmut/Erth      ####......   1%          2    None
c - Stone Arrow           Conj/Erth      ####..       1%          3    None
d - Petrify               Tmut/Erth      ####....     3%          4    ##.....
e - Lee's Rapid Deconstr  Erth           ######....   1%          5    #####..
f - Mephitic Cloud        Conj/Pois/Air  ##......     8%          3    None


Dungeon Overview and Level Annotations

Branches:
Dungeon (9/15)             Temple (1/1) D:6            Lair (0/6) D:8
    Orc (1/2) D:9

Altars:
Ashenzari
Cheibriados
Dithmenos
Elyvilon
Fedhas
Gozag
Hepliaklqana
Kikubaaqudgha
Makhleb
Nemelex Xobeh
Okawaru
Qazlal
Ru
Sif Muna
Trog
Uskayaw
Vehumet
Xom
Yredelemnul
Zin
The Shining One
Beogh


Innate Abilities, Weirdness & Mutations

You can breathe blasts of noxious fumes.
Your lurid green scales are hard. (AC +7)
You cannot fit into any form of body armour.
Your system is resistant to poisons. (rPois)
You are cold-blooded and may be slowed by cold attacks.


Message History

The orc knight easily resists.
This wand has 21 charges left.
The orc knight hits you with a battleaxe!
You feel very mighty all of a sudden. The orc warrior closely misses you.
The orc knight hits you with a battleaxe!!
* * * LOW HITPOINT WARNING * * *
The orc hits you but does no damage.
You feel much better. The orc warrior completely misses you.
The orc knight hits you with a battleaxe!!
Casting: Mephitic Cloud
Confirm with . or Enter, or press ? or * to list all spells.
Aiming: Petrify
Press: ? - help, Shift-Dir - straight line, f/p - orc knight
Aim: an orc knight, wielding a battleaxe and wearing a shiny chain mail (chance to defeat MR: 43%)
The orc knight resists with some effort.
The orc closely misses you.
The orc warrior hits you with a long sword!
* * * LOW HITPOINT WARNING * * *
The orc knight hits you with a battleaxe!!
You die...

### ###@##
##.ooo#
#..oo##
#o).)#
.##.#.)<.#
.......)##
.###....$.#
#.......#
.....##.....


You could see an orc knight, 3 orc warriors and 2 orcs.

Vanquished Creatures
  2 two-headed ogres
  3 death yaks (D:8)
  Psyche (D:8)
  3 hippogriffs
  Sigmund (D:6)
  2 wyverns
  Eustachio (D:4)
  2 hungry ghosts
  2 porcupines (D:8)
  The ghost of markt42 the Conjurer, an amateur DECj (D:3)
  A sky beast (D:7)
  5 orc warriors
  An ice beast (D:5)
  7 ogres
  7 centaurs
  2 big kobolds (D:8)
  3 bullfrogs
  2 wyvern skeletons
  3 scorpions
  6 killer bees (D:9)
  A vampire bat (D:8)
  A howler monkey (D:8)
  A crimson imp (D:9)
  A bullfrog zombie (D:5)
  2 centaur zombies
  A bullfrog skeleton (D:4)
  11 orc priests
  12 orc wizards
  4 hounds
  Jessica (D:2)
  2 iguanas
  5 worker ants
  Terence (D:2)
  A hound zombie (D:6)
  A hound skeleton (D:8)
  A worker ant zombie (D:7)
  9 adders
  2 river rats (D:8)
  A shadow imp (D:9)
  2 adder zombies
  4 worms
  5 leopard geckos
  59 orcs
  13 bats
  5 giant cockroaches
  3 goblins
  4 hobgoblins
  2 jackals (D:2)
  5 quokkas
  4 frilled lizards
  A jackal zombie (D:7)
  13 kobolds
  A leopard gecko skeleton (D:5)
  A quokka skeleton (D:5)
  4 rats
239 creatures vanquished.

Notes
Turn   | Place    | Note
-------+----------+-------------------------------------------
     0 | D:1      | Linguinho the Draconian Earth Elementalist began the quest for the Orb.
     0 | D:1      | Reached XP level 1. HP: 14/14 MP: 3/3
   329 | D:1      | Reached XP level 2. HP: 19/20 MP: 5/5
   639 | D:2      | Noticed Terence
   661 | D:2      | Killed Terence
   661 | D:2      | Reached skill level 1 in Maces & Flails
   661 | D:2      | Reached XP level 3. HP: 15/26 MP: 6/6
  1298 | D:2      | Noticed Jessica
  1305 | D:2      | Killed Jessica
  1305 | D:2      | Reached XP level 4. HP: 20/33 MP: 7/7
  1665 | D:3      | Noticed markt42's ghost (amateur DECj)
  1681 | D:3      | Killed markt42's ghost
  1681 | D:3      | Reached XP level 5. HP: 6/39 MP: 4/9
  2098 | D:3      | Learned a level 2 spell: Passwall
  2102 | D:3      | Learned a level 3 spell: Stone Arrow
  2376 | D:4      | Reached skill level 1 in Fighting
  2386 | D:4      | Noticed an ogre
  2393 | D:4      | Killed an ogre
  2393 | D:4      | Reached XP level 6. HP: 35/47 MP: 7/10
  2447 | D:4      | Noticed Eustachio
  2896 | D:4      | Reached skill level 5 in Earth Magic
  3114 | D:4      | Found a glowing silver altar of Zin.
  3117 | D:4      | Found Zin's Purification Station.
  3126 | D:4      | Bought a potion of curing for 90 gold pieces
  3235 | D:5      | Entered Level 5 of the Dungeon
  3284 | D:5      | Your scales start taking on a lurid green colour.
  3284 | D:5      | Reached XP level 7. HP: 40/53 MP: 12/12
  3284 | D:5      | Gained mutation: Your system is resistant to poisons. (rPois) [Green Draconian growth]
  4003 | D:5      | Found a stormy altar of Qazlal.
  4232 | D:4      | Killed Eustachio
  4232 | D:4      | Reached skill level 5 in Spellcasting
  4232 | D:4      | Reached XP level 8. HP: 62/62 MP: 11/15
  4286 | D:6      | Reached skill level 5 in Maces & Flails
  4716 | D:6      | Found a staircase to the Ecumenical Temple.
  4898 | D:6      | Noticed Sigmund
  4942 | D:6      | Killed Sigmund
  4942 | D:6      | Reached XP level 9. HP: 62/68 MP: 16/19
  5087 | Temple   | Entered the Ecumenical Temple
  5127 | Temple   | Became a worshipper of Ashenzari the Shackled
  5294 | D:7      | Learned a level 4 spell: Petrify
  5300 | D:7      | Learned a level 5 spell: Lee's Rapid Deconstruction
  5782 | D:8      | Noticed Psyche
  5798 | D:8      | Killed Psyche
  5995 | D:8      | Reached * piety under Ashenzari
  6069 | D:8      | Reached skill level 1 in Conjurations
  6071 | D:8      | Noticed a death yak
  6072 | D:8      | Noticed a death yak
  6078 | D:8      | Noticed a death yak
  6327 | D:8      | Reached skill level 1 in Shields
  6809 | D:8      | Identified the ring of Koeviakk {rF+ EV+3}
  6856 | D:8      | Killed a death yak
  6856 | D:8      | Reached XP level 10. HP: 47/77 MP: 5/22
  6856 | D:8      | Killed a death yak
  6858 | D:8      | Killed a death yak
  6868 | D:8      | Found a staircase to the Lair.
  7211 | D:8      | Found a glowing silver altar of Zin.
  7404 | D:8      | Noticed a two-headed ogre
  7411 | D:8      | Killed a two-headed ogre
  7482 | D:9      | Reached skill level 10 in Earth Magic
  7882 | D:9      | Noticed a two-headed ogre
  7888 | D:9      | Killed a two-headed ogre
  7888 | D:9      | Reached skill level 10 in Spellcasting
  8052 | D:9      | Found a roughly hewn altar of Beogh.
  8052 | D:9      | Found a staircase to the Orcish Mines.
  8057 | D:9      | Reached XP level 11. HP: 46/83 MP: 14/25
  8569 | D:9      | Found a sacrificial altar of Ru.
  8571 | D:9      | Found a sparkling altar of Nemelex Xobeh.
  8573 | D:9      | Found an ancient bone altar of Kikubaaqudgha.
  8573 | D:9      | Found a deep blue altar of Sif Muna.
  8574 | D:9      | Found a burning altar of Makhleb.
  8574 | D:9      | Found a snail-covered altar of Cheibriados.
  8637 | D:9      | Learned a level 3 spell: Mephitic Cloud
  8839 | D:9      | Reached skill level 1 in Poison Magic
  9165 | Orc:1    | Entered Level 1 of the Orcish Mines
  9169 | Orc:1    | Noticed an orc knight
  9187 | Orc:1    | Demolished by an orc knight

Skill      XL: |  1  2  3  4  5  6  7  8  9 10 11 |
---------------+----------------------------------+-----
Maces & Flails | 1 2 3 4 5 6 7 |  7.1
Earth Magic    | 4 5 6 7 8 10 | 10.6
Spellcasting   | 3 5 6 8 10 | 10.2
Fighting       | 1 2 3 |  3.9
Conjurations   | 1 |  1.7
Shields        | 1 |  1.7
Poison Magic   | 1 |  1.7
Dodging        | |  1.8
Stealth        | |  1.7
Transmutations | |  1.3

Action                   |  1- 3 |  4- 6 |  7- 9 | 10-12 || total
-------------------------+-------+-------+-------+-------++-------
Melee: Mace              |    88 |    89 |   187 |   114 ||   478
       Tailslap          |    15 |     5 |    22 |     7 ||    49
Throw: Tomahawk          |       |       |       |     1 ||     1
 Cast: Sandblast         |     7 |    27 |    75 |    54 ||   163
       Stone Arrow       |       |       |    27 |    23 ||    50
       Lee's Rapid Decon |       |       |     9 |     5 ||    14
       Petrify           |       |       |     2 |     4 ||     6
       Mephitic Cloud    |       |       |       |     3 ||     3
Invok: Curse Item        |       |       |     5 |       ||     5
 Abil: Breathe Noxious F |       |       |    13 |     6 ||    19
Evoke: Wand              |       |       |       |     1 ||     1
  Use: Potion            |       |     2 |     1 |     3 ||     6
       Scroll            |       |       |     8 |       ||     8
 Stab: Sleeping          |     1 |     2 |     3 |       ||     6
       Confused          |       |       |     3 |       ||     3
  Eat: Chunk             |     1 |     5 |    18 |    12 ||    36
Armor: Skin              |    32 |    56 |    99 |    54 ||   241
Dodge: Dodged            |    55 |    80 |   132 |    82 ||   349
Block: Buckler           |       |    15 |    35 |    28 ||    78
